AoeStats
← leburgan

Arabia

503722967Analyzed
3v3 RM · 1mo ago on Sep 2, 2026· 31m 26s· 6 players
Game mode
Random Map
Map size
Normal (6 player)
Population
200
Speed
Normal
Resources
Standard
Victory
Conquest
Starting age
Dark Age
Ending age
Imperial Age
RankedLock teamsTeams togetherTeam positionsShared explorationLock speedFull tech treeHidden civsTurbo modeCheats
Victory
Defeat
🇨🇱 Burmese · Chile
1012
+16
🇨🇱 Khmer · Chile
967
+18
🇲🇽 Lithuanians · Mexico
961
+18
🇺🇸 Tupi · United States
1022
-18
🇺🇸 Georgians · United States
1006
-17
🇺🇸 Spanish · United States
982
-16
MOROCHO
7:13 Loom
9:25 Feudal Age
16:46 Wheelbarrow
21:15 Castle Age
20:02 Double-Bit Axe
20:26 Scale Barding Armor
20:13 Fletching
20:49 Bloodlines
23:55 Bodkin Arrow
26:47 Man-at-Arms
29:24 Ballistics
29:37 Husbandry
30:15 Thumb Ring
31:27 Bow Saw
31:09 Gold Mining
LA PRESION II
0:45 Loom
10:40 Feudal Age
11:30 Double-Bit Axe
15:04 Fletching
15:15 Padded Archer Armor
16:50 Wheelbarrow
20:44 Gold Mining
24:14 Castle Age
23:55 Stone Mining
24:22 Crossbowman
25:22 Leather Archer Armor
25:28 Husbandry
26:06 Bloodlines
26:19 Hand Cart
26:45 Bodkin Arrow
29:09 Scale Barding Armor
29:14 Forging
31:29 Gold Shaft Mining
31:34 Stone Shaft Mining
Shaggy
7:45 Loom
10:45 Feudal Age
11:36 Man-at-Arms
22:54 Castle Age
23:15 Bloodlines
23:58 Wheelbarrow
30:09 Scale Barding Armor
31:13 Light Cavalry
leburgan
8:48 Loom
12:21 Feudal Age
13:40 Double-Bit Axe
13:36 Horse Collar
18:36 Fletching
24:13 Castle Age
24:43 Bloodlines
24:30 Gold Mining
25:19 Scale Barding Armor
25:51 Bow Saw
[MD] James Buchanan
10:57 Feudal Age
9:13 Loom
11:00 Feudal Age
11:52 Double-Bit Axe
18:45 Castle Age
17:16 Fletching
19:14 Pikeman
19:19 Crossbowman
20:22 Squires
21:52 Bodkin Arrow
22:55 Padded Archer Armor
22:57 Pikeman
26:08 Bow Saw
30:06 Wheelbarrow
29:21 Horse Collar
unwieldybiscuit
2:48 Loom
12:39 Feudal Age
13:09 Double-Bit Axe
13:19 Gold Mining
21:22 Man-at-Arms
24:37 Horse Collar
Connection lost

Rejoining the realm…

Still unreachable

The connection could not be restored.

Session expired

The server has moved on; the page needs a fresh start.